Construct Light Support Kompanie
Selects Defensive Operations
Construct Mechanized Kompanie
Marder III Tank Destroyer
Marder III Tank Destroyer
Marder III Tank Destroyer
Selects L6/40 Light Tank Combat Group
Selects Prepared Positions
Marder III Tank Destroyer
Selects Towed Cannone da 105/28 Field Howitzer
Construct Panzerarmee Kommand
Selects Obice 305mm Barrage
Walking Stuka Rocket Launcher
Towed Cannone da 105/28 Field Howitzer